 Dungeon Crawl Stone Soup version 0.29-a0-330-g52719c12eb (webtiles) character file.

Game seed: 13880070564187196418

7 kae the Firebug (level 1, 0/14 HPs)
             Began as a Demigod Fire Elementalist on Apr 23, 2022.
             Hit by a stone thrown by a kobold (2 damage)
             ... on level 1 of the Dungeon.
             The game lasted 00:00:24 (386 turns).

kae the Firebug (Demigod Fire Elementalist)          Turns: 386, Time: 00:00:25

Health: 0/14       AC:  2    Str:  9    XL:     1   Next: 73%
Magic:  1/6        EV: 12    Int: 15    God:
Gold:   44         SH:  0    Dex: 14    Spells: 3/4 levels left

rFire   . . .      SeeInvis .   (no weapon)
rCold   . . .      Faith    .   (no shield)
rNeg    . . .      Spirit   .   a - +0 robe
rPois   .          Reflect  .   (no helmet)
rElec   .          Harm     .   (no cloak)
rCorr   .          Rampage  .   (no gloves)
Will    .....                   (no boots)
Stlth   ++........              (no amulet)
HPRegen 0.04/turn               (no ring)
MPRegen 0.10/turn               (no ring)

@: mighty, hasted, very quick
A: high MP 2, forlorn, divine attributes, dopey 1, subdued magic 1
a: no special abilities


You were on level 1 of the Dungeon.
You visited 1 branch of the dungeon, and saw 1 of its levels.

You collected 44 gold pieces.

Inventory:

Armour
 a - a +0 robe (worn)
Potions
 b - a potion of magic
 e - a potion of haste


   Skills:
 - Level 1.7 Dodging
 - Level 1.7 Stealth
 + Level 2.0 Spellcasting
 + Level 1.2 Conjurations
 + Level 2.8 Fire Magic


You had 3 spell levels left.
You knew the following spells:

 Your Spells              Type           Power      Damage    Failure   Level
a - Foxfire               Conj/Fire      20%        2x1d5     8%          1

Your spell library contained the following spells:

 Spells                   Type           Power      Damage    Failure   Level
 Scorch                   Fire           14%        2d5       9%          2
 Conjure Flame            Conj/Fire      5%         6-21      24%         3
 Inner Flame              Hex/Fire       4%         N/A       32%         3
 Flame Wave               Conj/Fire      5%         2d5       63%         4


Dungeon Overview and Level Annotations

Branches:
Dungeon (1/15)


Innate Abilities, Weirdness & Mutations

You have a considerably increased reservoir of magic. (+20% MP)
You shall have no god before yourself.
Your divine heritage dramatically boosts your attributes as you level up.
You are dopey. (Int -2)
Your spells are a little easier to cast, but a little less powerful.


Message History

There are monsters nearby!
You are too injured to fight recklessly!
You are too injured to fight recklessly!
You are too injured to fight recklessly!
You are too injured to fight recklessly!
You hit the kobold but do no damage.
The kobold is moderately wounded.
The kobold barely misses you.
You closely miss the kobold.
The kobold is moderately wounded.
The kobold barely misses you.
You barely miss the kobold.
The kobold is moderately wounded.
The kobold closely misses you.
You hit the kobold but do no damage.
The kobold is moderately wounded.
A ball python comes into view.
A frilled lizard comes into view.
The kobold completely misses you.
Your magical contamination has completely faded away.
The frilled lizard hisses angrily.
The ball python hisses angrily.
You hit the kobold but do no damage.
The kobold is moderately wounded.
The kobold closely misses you.
You hit the kobold but do no damage.
The kobold is moderately wounded.
The kobold barely misses you.
Okay, then.
It was a potion of mutation.
You feel extremely strange.
Your connection to magic feels subdued.
You feel stupid.
You feel more energetic. The kobold hits you with a +0 whip.
* * * LOW HITPOINT WARNING * * *
It was a potion of might.
You feel very mighty all of a sudden. The kobold barely misses you.
It was a potion of haste.
You feel yourself speed up. The kobold hits you with a +0 whip.
* * * LOW HITPOINT WARNING * * *
The kobold throws a stone.
The stone hits you.
You die...

#...#
#.####+#
##..#
######'##....
#..#
#.......#....
##>#
#.......#....
#.#
#.......#....
#.#
#.......#....
#.#
#.......###.#
#.# #.......#
#†# #@#
######'## #.#
#. #.# #.#
#.# #...##K#
#.# #.#
#..g.# #.#
#.# ##l###
#.# #.# ...
#.####.# #.#
#....... #..
######.# ...
#.#


You could see a goblin and a kobold.

Vanquished Creatures
  An endoplasm (D:1)
  2 giant cockroaches (D:1)
  A goblin (D:1)
  3 frilled lizards (D:1)
7 creatures vanquished.

Vanquished Creatures (others)
  26 foxfires (D:1)
26 creatures vanquished.

Grand Total: 33 creatures vanquished

Notes
Turn   | Place    | Note
-------+----------+-------------------------------------------
     0 | D:1      | kae the Demigod Fire Elementalist began the quest for the
                  | Orb.
     0 | D:1      | Reached XP level 1. HP: 14/14 MP: 5/5
   111 | D:1      | Reached skill level 1 in Conjurations
   381 | D:1      | Gained mutation: Your spells are a little easier to cast,
                  | but a little less powerful. [potion of mutation]
   381 | D:1      | Gained mutation: You are dopey. (Int -2) [potion of
                  | mutation]
   381 | D:1      | Gained mutation: You have a considerably increased
                  | reservoir of magic. (+20% MP) [potion of mutation]
   386 | D:1      | Hit by a stone thrown by a kobold

Illustrated notes

Levels and vault maps discovered:
D:1:      minmay_arrival_shattered_statue, layout_basic, minmay_tromino_v4_c

Skill      XL: |  1 |
---------------+----+-----
Conjurations   | 1 |  1.2
Spellcasting   | 2 |  2.0
Dodging        | |  1.7
Stealth        | |  1.7
Fire Magic     | |  2.8

Action                   || total
-------------------------++-------
Melee: Unarmed           ||    13
 Cast: Foxfire           ||    18
  Use: Potion            ||     3
       Scroll            ||     1
Armor: Robe              ||     4
Dodge: Dodged            ||    15

Table legend: (Time is in decaauts)
 A = Elapsed time spent in this place.
 B = Non-inter-level travel time spent in this place.
 C = Inter-level travel time spent in this place.
 D = Time resting spent in this place.
 E = Time spent auto-exploring this place.
 F = Levels seen in this place.
 G = Mean time per level.
                   A        B        C        D        E       F      G
               +--------+--------+--------+--------+--------+-----+--------+
         Total |    385 |    385 |      0 |      0 |    309 |   1 |  385.0 |
       Dungeon |    385 |    385 |      0 |      0 |    309 |   1 |  385.0 |
               +--------+--------+--------+--------+--------+-----+--------+

Top non-repeatable levels by time:
     D:1: 385 daAuts
